AoeStats
← ReeZa

Black Forest

503626852Analyzed
4v4 RM · 1mo ago on Sep 1, 2026· 42m 48s· 8 players
Game mode
Random Map
Map size
Large (8 player)
Population
200
Speed
Normal
Resources
Standard
Victory
Conquest
Starting age
Dark Age
Ending age
Imperial Age
RankedLock teamsTeams togetherTeam positionsShared explorationLock speedFull tech treeHidden civsTurbo modeCheats
Victory
Defeat
🇨🇿 Bohemians · Czechia
1028
+17
🇨🇿 Poles · Czechia
1010
+17
🇪🇸 Hindustanis · Spain
999
+18
🇬🇧 Spanish · United Kingdom
991
+18
🇵🇪 Teutons · Peru
1049
-18
🇬🇧 Cumans · United Kingdom
1045
-18
🇲🇽 Britons · Mexico
1042
-18
🇦🇺 Mongols · Australia
1025
-17
ReeZa
0:56 Loom
11:20 Feudal Age
16:50 Castle Age
15:17 Double-Bit Axe
15:15 Horse Collar
18:12 Wheelbarrow
17:55 Bow Saw
18:42 Heavy Plow
27:16 Hand Cart
31:31 Imperial Age
30:13 Chemistry
28:51 Pikeman
29:59 Scale Mail Armor
30:03 Squires
29:59 Arson
31:08 Chain Mail Armor
31:03 Forging
31:51 Fortified Wall
31:41 Halberdier
33:40 Conscription
34:12 Plate Mail Armor
34:18 Iron Casting
37:25 Blast Furnace
36:07 Elite Hussite Wagon
38:03 Hussite Reforms
38:08 Wagenburg Tactics
39:36 Houfnice
Clockwise Haggis
8:39 Loom
12:35 Feudal Age
13:16 Horse Collar
13:23 Double-Bit Axe
19:53 Castle Age
21:05 Town Watch
21:56 Wheelbarrow
22:08 Heavy Plow
25:22 Town Patrol
26:17 Hand Cart
28:18 Bow Saw
31:51 Imperial Age
30:18 Forging
29:59 Fletching
30:10 Padded Archer Armor
30:15 Scale Barding Armor
31:17 Elite Skirmisher
32:03 Thumb Ring
33:07 Conscription
34:22 Chain Barding Armor
34:38 Iron Casting
33:58 Bodkin Arrow
34:23 Caravan
34:06 Cavalier
34:47 Husbandry
34:41 Light Cavalry
35:31 Bloodlines
34:47 Pikeman
35:30 Squires
35:58 Elite Conquistador
39:37 Hoardings
39:25 Hussar
42:01 Plate Barding Armor
41:27 Scale Mail Armor
41:42 Leather Archer Armor
42:29 Blast Furnace
martin1215
3:49 Loom
13:31 Feudal Age
18:24 Castle Age
16:19 Double-Bit Axe
16:39 Horse Collar
19:37 Bow Saw
19:28 Heavy Plow
20:41 Wheelbarrow
20:00 Gold Mining
21:12 Stone Mining
22:15 Forging
24:02 Light Cavalry
24:48 Husbandry
26:43 Scale Barding Armor
30:32 Imperial Age
28:20 Hand Cart
27:51 Town Watch
28:27 Bloodlines
29:01 Stone Shaft Mining
30:25 Town Patrol
31:07 Iron Casting
30:53 Chain Barding Armor
31:54 Crop Rotation
32:44 Chemistry
32:06 Ballistics
31:13 Winged Hussar
31:56 Husbandry
33:58 Blast Furnace
32:52 Fletching
33:03 Padded Archer Armor
35:43 Bodkin Arrow
35:56 Siege Engineers
36:51 Conscription
38:27 Lechitic Legacy
40:55 Bracer
41:11 Leather Archer Armor
40:33 Sappers
Walolo
0:25 Loom
13:05 Feudal Age
13:54 Feudal Age
18:46 Castle Age
17:00 Horse Collar
17:07 Double-Bit Axe
19:12 Wheelbarrow
18:49 Bloodlines
19:41 Scale Barding Armor
22:19 Fervor
22:42 Hand Cart
24:28 Forging
24:39 Chain Barding Armor
25:37 Bow Saw
26:00 Heavy Plow
28:47 Sanctity
29:57 Husbandry
30:13 Gold Mining
31:13 Iron Casting
31:06 Ballistics
31:00 Fortified Wall
36:20 Imperial Age
33:36 Town Watch
34:27 Murder Holes
34:54 Light Cavalry
35:37 Fletching
36:03 Grand Trunk Road
37:22 Hussar
37:22 Heavy Camel Rider
40:23 Blast Furnace
39:58 Plate Barding Armor
39:18 Imperial Camel Rider
rafaguila
0:48 Loom
11:37 Feudal Age
15:35 Castle Age
14:05 Double-Bit Axe
14:21 Horse Collar
16:35 Wheelbarrow
17:27 Bow Saw
24:05 Heavy Plow
24:19 Gold Mining
25:10 Stone Mining
26:15 Fletching
27:08 Bodkin Arrow
32:05 Imperial Age
29:53 Padded Archer Armor
30:35 Gold Shaft Mining
30:33 Hand Cart
31:39 Heated Shot
32:15 Ballistics
32:05 Murder Holes
32:10 Elite Longbowman
33:24 Yeomen
33:10 Bracer
34:20 Leather Archer Armor
34:51 Conscription
37:11 Ring Archer Armor
36:58 Scale Mail Armor
37:08 Forging
Call of Silence
9:55 Feudal Age
15:13 Castle Age
13:36 Double-Bit Axe
14:31 Horse Collar
18:10 Bow Saw
22:08 Heavy Plow
23:44 Gold Mining
25:58 Wheelbarrow
25:11 Loom
25:12 Town Watch
26:30 Nomads
31:09 Imperial Age
29:18 Hand Cart
29:29 Ballistics
29:22 Masonry
30:51 Gold Shaft Mining
30:09 Stone Mining
30:33 Thumb Ring
30:23 Fletching
30:33 Padded Archer Armor
31:17 Forging
31:05 Bodkin Arrow
32:17 Conscription
31:21 Capped Ram
32:53 Town Patrol
33:26 Drill
33:08 Bracer
33:24 Leather Archer Armor
33:59 Caravan
34:30 Coinage
35:28 Parthian Tactics
36:11 Chemistry
36:43 Elite Mangudai
37:19 Siege Ram
BlueFacedBooby
6:19 Loom
10:33 Feudal Age
11:07 Double-Bit Axe
11:03 Horse Collar
12:08 Wheelbarrow
20:54 Castle Age
21:56 Heavy Plow
22:11 Bow Saw
22:19 Hand Cart
21:53 Town Watch
22:23 Stone Mining
22:23 Gold Mining
24:12 Gold Shaft Mining
24:00 Town Patrol
24:07 Scale Mail Armor
24:17 Forging
23:58 Fletching
26:40 Chain Mail Armor
27:00 Iron Casting
26:21 Bodkin Arrow
28:07 Scale Barding Armor
28:25 Ballistics
28:00 Murder Holes
28:16 Masonry
27:37 Pikeman
28:17 Squires
28:02 Arson
27:39 Man-at-Arms
28:53 Coinage
28:24 Caravan
28:43 Steppe Husbandry
30:41 Chain Barding Armor
29:49 Capped Ram
33:34 Imperial Age
30:41 Long Swordsman
35:59 Two-Man Saw
35:31 Crop Rotation
35:37 Plate Mail Armor
36:08 Blast Furnace
34:31 Two-Handed Swordsman
36:16 Chemistry
35:39 Conscription
35:57 Champion
36:28 Champion
37:09 Siege Ram
37:12 Halberdier
38:17 Guilds
38:38 Banking
39:53 Plate Barding Armor
39:59 Hoardings
39:07 Light Cavalry
39:58 Bloodlines
39:09 Cavalier
39:11 Elite Steppe Lancer
39:52 Hussar
41:08 Paladin
AGARRINI LA PALINI
0:32 Loom
12:13 Feudal Age
17:24 Castle Age
15:37 Horse Collar
15:47 Double-Bit Axe
19:02 Wheelbarrow
24:04 Horse Collar
24:48 Stone Mining
25:01 Gold Mining
27:11 Bow Saw
28:07 Heavy Plow
32:11 Imperial Age
30:35 Stone Shaft Mining
30:49 Ballistics
30:23 Fletching
31:07 Fortified Wall
31:35 Town Watch
32:05 Hand Cart
34:14 Chemistry
33:59 Forging
33:51 Capped Ram
35:55 Scale Mail Armor
36:41 Ironclad
37:20 Crenellations
Connection lost

Rejoining the realm…

Still unreachable

The connection could not be restored.

Session expired

The server has moved on; the page needs a fresh start.